 Dungeon Crawl Stone Soup version 0.30.0-5-g1a98f26d00 (webtiles) character file.

Game seed: 17578095021221595366

80 BigDaddyOpFi the Sneak (level 4, -6/27 HPs)
             Began as an Octopode Earth Elementalist on May 11, 2023.
             Mangled by Terence
             ... wielding a +0 hand axe
              (7 damage)
             ... on level 2 of the Dungeon.
             The game lasted 00:02:11 (1747 turns).

BigDaddyOpFi the Sneak (OpEE)                       Turns: 1747, Time: 00:02:11

Health: -6/27      AC:  1    Str:  7    XL:     4   Next: 39%
Magic:  4/7        EV: 13    Int: 19    God:
Gold:   23         SH:  0    Dex: 12    Spells: 4/8 levels left

rFire   + . .        b - +0 short sword
rCold   + . .        (no shield)
rNeg    . . .        (helmet restricted)
rPois   +            (no amulet)
rElec   +            (no ring)
rCorr   +            (no ring)
SInv    .            (no ring)
Will    .....        (no ring)
Stlth   +++          (no ring)
HPRegen 0.24/turn    (no ring)
MPRegen 0.10/turn    (no ring)
                     (no ring)

%: no passive effects
@: resistant
A: almost no armour, amphibious, 8 rings, camouflage 1, gelatinous body 1,
(nimble swimmer 1), tentacles
a: no special abilities


You were on level 2 of the Dungeon.
You visited 1 branch of the dungeon, and saw 2 of its levels.

You collected 23 gold pieces.

Inventory:

Hand Weapons
 b - a +0 short sword (weapon)
 g - a +0 war axe
Scrolls
 d - a scroll of fear {unknown}
 e - 3 scrolls of identify
Potions
 f - a potion of berserk rage {unknown}


   Skills:
 + Level 2.6 Dodging
 + Level 3.6 Stealth
 + Level 2.5 Spellcasting
 * Level 1.2 Conjurations
 - Level 1.5 Transmutations
 + Level 3.4 Earth Magic


You had 4 spell levels left.
You knew the following spells:

 Your Spells              Type           Power      Damage    Failure   Level
a - Sandblast             Erth           30%        2d9       3%          1
b - Stone Arrow           Conj/Erth      22%        3d8       19%         3

Your spell library contained the following spells:

 Spells                   Type           Power      Damage    Failure   Level
 Passwall                 Tmut/Erth      9%         N/A       9%          2
 Vhi's Electric Charge    Tloc/Air       4%         N/A       43%         3
 Petrify                  Tmut/Erth      11%        N/A       50%         4
 Arcjolt                  Conj/Air       2%         1d12      98%         5
 Maxwell's Capacitive Co  Air            1%         ∞         100%        8


Dungeon Overview and Level Annotations

Branches:
Dungeon (2/15)

Altars:
Dithmenos

Annotations:
D:2 Terence


Innate Abilities, Weirdness & Mutations

You cannot wear most types of armour.
You are amphibious.
You can wear up to eight rings at the same time.
Your skin changes colour to match your surroundings (Stealth+).
Your rubbery body absorbs attacks. (AC +1, EV +1)
((You are camouflaged when in or above water. (Stealth+)))
You have tentacles for arms and can constrict up to eight enemies at once.


Message History

Aim: Terence, wielding a +0 hand axe and wearing a +0 scale mail (moderately wounded, 84% to hit)
The blast of sand hits Terence.
Terence is moderately wounded.
Terence barely misses you. Terence misses you.
Unknown command.
Casting: Sandblast (safe; 3% risk of failure)
Confirm with . or Enter, or press ? or * to list all spells.
Aiming: Sandblast (safe; 3% risk of failure)
Press: ? - help, Shift-Dir - straight line, f/p - Terence
Aim: Terence, wielding a +0 hand axe and wearing a +0 scale mail (moderately wounded, 84% to hit)
The blast of sand hits Terence but does no damage.
Terence is moderately wounded.
Terence hits you with a +0 hand axe!
Casting: Sandblast (safe; 3% risk of failure)
Confirm with . or Enter, or press ? or * to list all spells.
You don't have enough magic to cast this spell.
Unknown command.
Magic courses through your body. Terence hits you with a +0 hand axe.
* * * LOW HITPOINT WARNING * * *
Casting: Sandblast (safe; 3% risk of failure)
Confirm with . or Enter, or press ? or * to list all spells.
You don't know that spell.
Casting: Sandblast (safe; 3% risk of failure)
Confirm with . or Enter, or press ? or * to list all spells.
The spell is quite dangerous to miscast (19% risk of failure)!
Continue anyway? [Y]es or [N]o only, please.
The spell is quite dangerous to miscast (19% risk of failure)!
Continue anyway? [Y]es or [N]o only, please.
The spell is quite dangerous to miscast (19% risk of failure)!
Continue anyway?
Aiming: Stone Arrow (quite dangerous; 19% risk of failure)
Press: ? - help, Shift-Dir - straight line, f/p - Terence
Aim: Terence, wielding a +0 hand axe and wearing a +0 scale mail (moderately wounded, 72% to hit)
The stone arrow hits Terence!
Terence is severely wounded.
Terence hits you with a +0 hand axe!
* * * LOW HITPOINT WARNING * * *
It was a potion of resistance.
You feel protected. Terence hits you with a +0 hand axe!
You die...

####.# #....#.# ..#.##....#.#
#..#.#####...#.#.#.#.##....#.#
#..........#.#.#.#.#.##....#.#
##.#.#######...#...#.##....#.####
#.#.# #...###.#.##....#)....
#.#.#######.#.....#.##..........
#.#...†.....#<.......#.)........
#.#################...####......
#+# ......@@....#.# #......
.#.##########.## #......
#..######### ##.......##
#######..# ##.## #..# ##.. ##.


You could see Terence.

Vanquished Creatures
  Natasha (D:2)
  A worm (D:2)
  3 dart slugs (D:1)
  6 ball pythons
  3 bats
  6 endoplasms
  6 goblins
  2 hobgoblins (D:1)
  4 jackals
  4 kobolds (D:1)
  4 frilled lizards
  3 rats
43 creatures vanquished.

Notes
Turn   | Place    | Note
-------+----------+-------------------------------------------
     0 | D:1      | BigDaddyOpFi the Octopode Earth Elementalist began the
                  | quest for the Orb.
     0 | D:1      | Reached XP level 1. HP: 11/11 MP: 3/3
   141 | D:1      | Reached XP level 2. HP: 16/17 MP: 0/5
   394 | D:1      | Found a faded altar of an unknown god.
   663 | D:1      | Reached XP level 3. HP: 21/21 MP: 3/6
   670 | D:1      | Learned a level 3 spell: Stone Arrow
  1439 | D:2      | Noticed Natasha
  1444 | D:2      | Killed Natasha
  1445 | D:2      | Reached skill level 1 in Conjurations
  1445 | D:2      | Reached XP level 4. HP: 14/27 MP: 2/7
  1677 | D:2      | Found a shadowy altar of Dithmenos.
  1733 | D:2      | Noticed Terence
  1746 | D:2      | HP: 1/27 [Terence/+0 hand axe (7)]
  1747 | D:2      | Mangled by Terence

Illustrated notes

Levels and vault maps discovered:
D:1:      mrwooster_arrival_statue, layout_basic, shapermc_ecumenical_altar_gd
D:2:      layout_basic, basic_altar, serial_rivers,
          chequers_serial_rivers_room_a, chequers_serial_rivers_micro_a,
          chequers_serial_rivers_micro_e, chequers_serial_rivers_room_b,
          chequers_serial_rivers_micro_b, uniq_robin, uniq_natasha, uniq_terence

Skill      XL: |  1  2  3 |
---------------+----------+-----
Stealth        | 3 |  3.6
Conjurations   | 1 |  1.2
Dodging        | |  2.6
Spellcasting   | |  2.5
Transmutations | |  1.5
Earth Magic    | |  3.4

Action                     |  1- 3 |  4- 6 || total
---------------------------+-------+-------++-------
  Melee: Short sword       |    13 |       ||    13
         Tentacles         |     6 |       ||     6
         Constrict         |     4 |       ||     4
   Cast: Sandblast         |    54 |     9 ||    63
         Stone Arrow       |       |     1 ||     1
    Use: Scroll            |     5 |       ||     5
         Potion            |       |     2 ||     2
 Armour: Skin              |     1 |       ||     1
  Dodge: Dodged            |     7 |     6 ||    13
